 Dungeon Crawl Stone Soup version 0.27-a0-1202-ge72e49191c (webtiles) character file.

Game seed: 4364474695647796778

376 sanka the Magician (level 7, -3/47 HPs)
             Began as a Djinni Transmuter on June 3, 2021.
             Slain by Duvessa
             ... wielding a +0 short sword
              (9 damage)
             ... on level 4 of the Dungeon.
             The game lasted 00:06:17 (5287 turns).

sanka the Magician (Djinni Transmuter)              Turns: 5287, Time: 00:06:17

Health: -3/47      AC:  2    Str:  9    XL:     7   Next: 3%
Gold:   108        EV: 23    Int: 16    God:
                   SH:  0    Dex: 19

rFire    . . .     SeeInvis .     - Unarmed
rCold    . . .     Faith    .   (shield currently unavailable)
rNeg     . . .     Spirit   .   (armour currently unavailable)
rPois    ∞         Reflect  .   (helmet currently unavailable)
rElec    .         Harm     .   (cloak currently unavailable)
rCorr    .         Rampage  .   (gloves currently unavailable)
Will     .....                  (boots unavailable)
Stlth    ++........             (no amulet)
HPRegen  0.15/turn              (no ring)
MPRegen  0.00/turn              m - +4 ring of evasion

@: spider-form, flying
A: venomous fangs, flying, sickness immunity, tiny, (fire resistance 2), (cold
vulnerability 1), float, innate caster, hp casting, extra vitality 1
a: End Transformation


You were on level 4 of the Dungeon.
You were a venomous arachnid creature.
You visited 1 branch of the dungeon, and saw 4 of its levels.

You collected 108 gold pieces.


Innate Abilities, Weirdness & Mutations

You are a venomous arachnid creature.
You have poisonous fangs.
You are tiny and dextrous.
You are flying.
Your spellcasting is less reliable in this form.
Your armour is entirely melded.
You are incapable of wielding weapons or throwing items.
You are immune to sickness and miasma.
You are immune to poison.
((Your flesh is very heat resistant. (rF++)))
((You are vulnerable to cold. (rC-)))
You float through the air rather than walking.
You learn spells naturally, not from books.
Your magical power is your life essence.
You have superior vitality. (+4 HP)


   Skills:
 - Level 1.0 Fighting
 - Level 2.1 Dodging
 - Level 3.3 Unarmed Combat
 + Level 5.1 Spellcasting


You couldn't memorise any spells.
You knew the following spells:

 Your Spells              Type           Power      Damage    Failure   Level
c - Ice Form              Ice/Tmut       20%        N/A       38%         4
u - Slow                  Hex            20%        N/A       10%         2
v - Stone Arrow           Conj/Erth      40%        3d9       16%         3
x - Beastly Appendage     Tmut           40%        N/A       8%          1
y - Wereblood             Tmut           20%        N/A       10%         2
z - Spider Form           Tmut/Pois      10%        N/A       16%         3
X - Hydra Form            Tmut           10%        N/A       67%         5
Z - Animate Skeleton      Necr           40%        N/A       8%          1
Your spell library was empty.

Inventory:

Armour
 a - a +0 robe (melded)
 d - a +0 pair of gloves (melded)
 k - a +0 helmet (melded)
Jewellery
 f - an amulet of faith
 m - a +4 ring of evasion (right front leg)
Scrolls
 b - 2 scrolls of teleportation {unknown}
 c - a scroll of enchant weapon {unknown}
 i - a scroll of amnesia {unknown}
 j - a scroll of enchant armour {unknown}
Potions
 e - a potion of curing {unknown}
 g - a potion of magic {unknown}
 h - a potion of heal wounds {unknown}
 l - 2 potions of might {unknown}

Dungeon Overview and Level Annotations

Branches:
Dungeon (4/15)
 Temple: D:4-7

Altars:

Annotations:
D:4 Dowan, Duvessa

.............▒▒ ▒▒.......
.............▒▒▒ ▒▒......
..............▒▒▒▒▒.....
▒.............▒▒▒.....
.▒▒▒▒▒▒..............▒▒.....
...e....†.............▒.....
.........................
▒▒▒▒▒▒▒▒..e..............
▒▒▒.s.............
▒▒.........<....
▒..▒.........▒.
▒▒.▒▒.......▒▒ ▒.▒▒▒▒▒▒▒▒▒▒
▒▒▒


You could see Duvessa (fast, very poisoned).


Message History

You see here a ball python corpse.
Dowan points at you and mumbles some strange words.
The puff of flame hits you. Duvessa hits you with a +0 short sword.
You hit Duvessa but do no damage.
Duvessa is poisoned.
Dowan points at Duvessa and mumbles some strange words.
Duvessa seems to speed up.
Duvessa misses you.
You barely miss Duvessa. Duvessa hits you with a +0 short sword!
You completely miss Duvessa.
Duvessa is lightly wounded.
Duvessa hits you with a +0 short sword!
* * * LOW HITPOINT WARNING * * *
You hit Duvessa but do no damage.
Duvessa looks as sick as possible!
Duvessa is lightly wounded.
Duvessa misses you. Duvessa hits you with a +0 short sword.
* * * LOW HITPOINT WARNING * * *
Dowan casts a spell at you. The puff of frost hits you!
* * * LOW HITPOINT WARNING * * *
Your magical contamination has completely faded away.
Duvessa hits you but does no damage.
Dowan mumbles some strange words.
Dowan blinks!
Duvessa hits you with a +0 short sword!
You die...

Action                   |  1- 3 |  4- 6 |  7- 9 || total
-------------------------+-------+-------+-------++-------
Melee: Unarmed           |    94 |   121 |     5 ||   220
       Headbutt          |     3 |       |       ||     3
       Punch             |     1 |     1 |       ||     2
 Cast: Beastly Appendage |    10 |       |       ||    10
       Spider Form       |     2 |    18 |     1 ||    21
 Stab: Sleeping          |     1 |     1 |       ||     2
       Distracted        |     1 |       |       ||     1
Armor: Robe              |    22 |     5 |       ||    27
       Skin              |     1 |     5 |     1 ||     7
Dodge: Dodged            |    82 |    79 |     2 ||   163

Levels and vault maps discovered:
D:1:      ncdulo_lavacross, layout_loops_ring, minivault_24,
          minmay_indecisive_spiral
D:2:      layout_rooms, corexii_corridor_pit
D:3:      minmay_door_path, layout_loops_corners, uniq_robin
D:4:      layout_layer_cave, grunt_ministairs_2, wad_floor_pattern_1,
          uniq_edmund, uniq_menkaure, uniq_ijyb, uniq_duvessa

Notes
Turn   | Place    | Note
-------+----------+-------------------------------------------
     0 | D:1      | sanka the Djinni Transmuter began the quest for the Orb.
     0 | D:1      | Reached XP level 1. HP: 17/17 MP: 0/0
   354 | D:1      | Reached XP level 2. HP: 7/22 MP: 0/0
   661 | D:1      | HP: 2/22 [frozen (7)]
   832 | D:1      | Reached skill level 2 in Spellcasting
  1216 | D:1      | Reached XP level 3. HP: 21/27 MP: 0/0
  1216 | D:1      | Learned a level 1 spell: Animate Skeleton
  2216 | D:2      | Reached XP level 4. HP: 25/32 MP: 0/0
  2466 | D:2      | Reached skill level 3 in Spellcasting
  3095 | D:3      | Reached XP level 5. HP: 18/37 MP: 0/0
  3095 | D:3      | Learned a level 2 spell: Slow
  3944 | D:3      | Noticed Robin
  3964 | D:3      | Killed Robin
  3965 | D:3      | Reached skill level 4 in Spellcasting
  4612 | D:3      | Reached XP level 6. HP: 20/42 MP: 0/0
  5095 | D:4      | Noticed Edmund
  5116 | D:3      | Killed Edmund
  5117 | D:3      | Reached skill level 5 in Spellcasting
  5117 | D:3      | Reached XP level 7. HP: 30/47 MP: 0/0
  5117 | D:3      | Learned a level 3 spell: Stone Arrow
  5273 | D:4      | Noticed Dowan
  5273 | D:4      | Noticed Duvessa
  5287 | D:4      | Slain by Duvessa

Vanquished Creatures
  Edmund (D:3)
  A scorpion (D:3)
  An orc priest (D:3)
  An orc wizard (D:3)
  Robin (D:3)
  5 gnolls
  An adder (D:2)
  5 worms
  3 dart slugs
  4 orcs
  5 bats
  7 endoplasms
  A giant cockroach (D:1)
  9 goblins (D:3)
  5 hobgoblins
  2 jackals (D:1)
  5 kobolds
  5 ball pythons
  A frilled lizard (D:2)
  6 rats
69 creatures vanquished.
